 Dungeon Crawl Stone Soup version 0.25-a0-528-g6b7c99946c (webtiles) character file.

Game seed: 6902668785100485413, levelgen mode: classic

3693 EnegeticOcto the Cleaver (level 9, 31/86 HPs)
             Began as a Deep Dwarf Fighter on Feb 19, 2020.
             Was an Initiate of Makhleb.
             Quit the game on level 8 of the Dungeon.
             The game lasted 00:04:05 (4642 turns).

EnegeticOcto the Cleaver (Deep Dwarf Fighter)       Turns: 4642, Time: 00:04:05

Health: 31/86      AC: 11    Str: 23    XL:     9   Next: 90%
Magic:  1/1        EV:  9    Int:  9    God:    Makhleb [......]
Gold:   0          SH: 11    Dex: 12    Spells: 8/8 levels left

rFire    + + +     SeeInvis .   v - +2 hand axe of Terror {speed, +Fly rN+ MR+ Stlth+}
rCold    . . .     Gourm    .   c - +0 kite shield
rNeg     + . .     Faith    .   w - +0 chain mail "Wiuqaxof" {*Slow +Inv rPois rF+++}
rPois    +         Spirit   .   (no helmet)
rElec    .         Reflect  .   i - +0 cloak
rCorr    .         Harm     .   (no gloves)
MR       ++...                  (no boots)
Stlth    ..........             (no amulet)
HPRegen  0.00/turn              (no ring)
MPRegen  0.07/turn              (no ring)

@: non-regenerating, lightly drained
A: damage resistance, heal wounds, sense surroundings 2, no regeneration
a: Heal Wounds, Renounce Religion, Evoke Invisibility, Evoke Flight


You were on level 8 of the Dungeon.
You worshipped Makhleb.
Makhleb was noncommittal.
You were not hungry.

You visited 2 branches of the dungeon, and saw 9 of its levels.
You also visited: Sewer.

You collected 192 gold pieces.
You spent 192 gold pieces at shops.

Inventory:

Hand Weapons
 a - a +0 war axe
 v - the +2 hand axe of Terror (weapon) {speed, +Fly rN+ MR+ Stlth+}
   (You bought it in a shop on level 6 of the Dungeon)

   Attacks with this weapon are significantly faster.
   It protects you from negative energy.
   It affects your resistance to hostile enchantments.
   It lets you fly.
   It makes you more stealthy.
Armour
 b - a +0 scale mail
 c - a +0 kite shield (worn)
 g - a +1 plate armour
 i - a +0 cloak (worn)
 w - the +0 chain mail "Wiuqaxof" (worn) {*Slow +Inv rPois rF+++}
   (You found it on level 8 of the Dungeon)

   It renders you almost immune to fire.
   It protects you from poison.
   It lets you turn invisible.
   It may slow you when you take damage.
   If you remove this armour, your AC will decrease by 10 (11 -> 1).
Wands
 t - a wand of paralysis (4)
Scrolls
 d - a scroll of blinking {@r3}
 m - 3 scrolls of remove curse {@r6}
 o - 3 scrolls of fog {unknown}
 p - a scroll of enchant weapon {unknown}
 y - 2 scrolls of identify {@r1}
Potions
 f - a potion of degeneration
 h - a potion of haste {unknown}
 j - a potion of stabbing {@q5}
 k - a potion of might {@q3}
 l - 3 potions of resistance {unknown}
 n - 2 potions of curing {@q1}
 q - 5 potions of flight
 r - a potion of invisibility
 s - 3 potions of magic
 u - a potion of brilliance {unknown}
Comestibles
 e - 10 rations
 x - 2 chunks of flesh


   Skills:
 * Level 7.5(7.4) Fighting
 * Level 8.5(8.4) Axes
 + Level 6.7(6.6) Armour
 + Level 5.7(5.6) Dodging
 + Level 6.7 Shields
 * Level 1.6(1.5) Invocations


You had 8 spell levels left.
You didn't know any spells.
Your spell library contained the following spells:

 Spells                   Type           Power        Failure   Level  Hunger
 Magic Dart               Conj           #...         100%        1    ##.....
 Blink                    Tloc           N/A          100%        2    ###....
 Call Imp                 Summ           #.......     100%        2    ###....
 Slow                     Hex            #.......     100%        2    ###....
 Conjure Flame            Conj/Fire      #.......     100%        3    ####...
 Mephitic Cloud           Conj/Pois/Air  #.......     100%        3    ####...


Dungeon Overview and Level Annotations

Branches:
Dungeon (8/15)             Temple (1/1) D:7           Sewer (visited)
   Lair: D:8-11

Altars:
Cheibriados
Dithmenos
Elyvilon
Kikubaaqudgha
Makhleb
Nemelex Xobeh
Okawaru
Trog
Uskayaw
Wu Jian
Xom
Yredelemnul
Zin
The Shining One

Shops:
D:6 (


Innate Abilities, Weirdness & Mutations

You are resistant to damage.
You can heal yourself by infusing magical energy.
You passively map the area around you.
You do not regenerate.


Message History

This raw flesh tastes terrible.
Found a stone staircase leading up and a stone staircase leading down.
Found 7 sling bullets.
Found a shadowy altar of Dithmenos.
A hound skeleton comes into view.
A hound skeleton is nearby!
A hound skeleton is nearby!
A hound skeleton is nearby!
A hound skeleton is nearby!
A hound skeleton is nearby!
A hound skeleton is nearby!
A hound skeleton is nearby!
You slash the hound skeleton!
The hound skeleton is heavily damaged.
You hit the hound skeleton.
The hound skeleton is severely damaged.
You block the hound skeleton's attack.
You closely miss the hound skeleton.
The hound skeleton is severely damaged.
The hound skeleton bites you but does no damage.
You hit the hound skeleton.
The hound skeleton is almost destroyed.
The hound skeleton barely misses you.
You slash the hound skeleton!
You destroy the hound skeleton!
Makhleb accepts your kill.
No target in view!
No target in view!
No target in view!
No target in view!
y - 2 scrolls of identify {@r1}
e - 10 rations (gained 1)
Found a stone staircase leading down.
You see here a wand of random effects (10).
s - 3 potions of magic (gained 1)
There is a stone staircase leading down here.
Found a trident.
You see here a trident.
An orc comes into view. It is wielding a +0 mace.
The orc shouts!
You hear a shout! x3
Found a shimmering altar of Xom.
An orc is nearby!
An orc is nearby!
An orc is nearby!
You hit the orc.
The orc is heavily wounded.
You slash the orc!
You kill the orc!
Makhleb accepts your kill.
An orc warrior comes into view. It is wielding a +0 long sword.
The orc warrior shouts!
You hear a shout! x3
A centaur zombie comes into view.
You see here a +0 mace.
An orc and an orc warrior come into view.
The orc warrior shouts!
The orc shouts!
You block the orc warrior's attack.
The orc warrior moves out of view.
You hit the orc warrior.
The orc warrior is lightly wounded.
You hit the orc warrior.
The orc warrior is lightly wounded.
The orc warrior hits you but does no damage.
You slash the orc warrior!
The orc warrior is heavily wounded.
A worker ant comes into view.
You barely miss the orc warrior.
The orc warrior is heavily wounded.
The worker ant twitches its antennae in your direction.
You block the orc warrior's attack.
There are monsters nearby!
There are monsters nearby!
There are monsters nearby!
There are monsters nearby!
You closely miss the orc warrior.
The orc warrior is heavily wounded.
You closely miss the orc warrior.
The orc warrior is heavily wounded.
You hit the orc warrior but do no damage.
The orc warrior is heavily wounded.
The orc warrior hits you with a +0 long sword!
An orc comes into view.
It is wielding a +0 falchion and quivering 12 poisoned darts.
You are too injured to fight recklessly!
You are too injured to fight recklessly!
You are too injured to fight recklessly!
You are too injured to fight recklessly!
You are too injured to fight recklessly!
You are too injured to fight recklessly!
You are too injured to fight recklessly!
You are too injured to fight recklessly!
You are too injured to fight recklessly!
You are too injured to fight recklessly!
You are too injured to fight recklessly!
You are too injured to fight recklessly!
You are too injured to fight recklessly!
You are too injured to fight recklessly!
There are monsters nearby!
You are too injured to fight recklessly!
You are too injured to fight recklessly!
You are too injured to fight recklessly!
You are too injured to fight recklessly!
Are you sure you want to abandon this character and quit the game? (Confirm with "yes".)

* * ..., ,, * ,
,.. , ,,,# *
*###.### .###* * *
* # ##.....##,...,
, , #.#.......#...
**
#.#.......#.#.#.#*
* *
#....._..ooZa...o
, , ##.#......@#
,, * *
#..#.....).# , * ,
#..##.....## , ,,
, #..####.####.. ,
, #............# *
#..##.##.#####
###,, ##.).......#
* ... , , ,
####..###... ,.. ,
##.# #..####.### *
,


You could see an orc warrior, a worker ant, 2 orcs and a centaur zombie.

Vanquished Creatures
  A two-headed ogre (D:6)
  Pikel (D:5)
  Sigmund (D:6)
  Menkaure (D:6)
  A hungry ghost (D:5)
  3 sky beasts
  2 slaves (D:5)
  A black bear (D:8)
  A phantom (D:7)
  3 ogres
  A centaur (D:6)
  2 big kobolds
  A bullfrog (D:7)
  4 scorpions
  A howler monkey (D:5)
  3 crimson imps
  7 hounds
  A quasit (D:6)
  A centaur zombie (D:5)
  5 orc priests
  Crazy Yiuf (D:7)
  A bullfrog skeleton (D:4)
  6 orc wizards
  A centaur skeleton (D:4)
  An iguana (D:6)
  5 worker ants
  2 hound skeletons
  7 gnolls
  3 adders
  A river rat (Sewer)
  A shadow imp (D:5)
  2 adder skeletons
  2 worms
  3 dart slugs
  5 leopard geckos
  29 orcs
  3 ball pythons
  3 giant cockroaches
  5 goblins
  3 hobgoblins (D:3)
  15 jackals
  4 quokkas
  A ball python zombie (D:5)
  2 bats
  5 frilled lizards
  12 kobolds
  2 leopard gecko skeletons
  A quokka skeleton (D:6)
  9 rats
176 creatures vanquished.

Vanquished Creatures (others)
  A slave (D:5)
  An orc wizard (D:5)
  A worker ant (D:5)
  An orc (D:5)
4 creatures vanquished.

Grand Total: 180 creatures vanquished

Notes
Turn   | Place    | Note
-------+----------+-------------------------------------------
     0 | D:1      | EnegeticOcto the Deep Dwarf Fighter began the quest for the
                  | Orb.
     0 | D:1      | Reached XP level 1. HP: 20/20 MP: 1/1
   103 | D:1      | Reached XP level 2. HP: 25/27 MP: 2/2
   368 | D:3      | Reached XP level 3. HP: 34/34 MP: 3/3
   379 | D:3      | Reached skill level 1 in Dodging
   427 | D:3      | Reached skill level 3 in Axes
   427 | D:3      | Reached XP level 4. HP: 29/42 MP: 4/4
   561 | D:3      | Found a snail-covered altar of Cheibriados.
   584 | D:3      | Reached XP level 5. HP: 46/49 MP: 3/3
   622 | D:3      | Reached skill level 4 in Axes
   657 | D:3      | Found a glowing drain.
   691 | Sewer    | Entered a sewer
   703 | Sewer    | Reached XP level 6. HP: 52/57 MP: 3/3
   782 | Sewer    | Found a white marble altar of Elyvilon.
  1131 | D:4      | Reached XP level 7. HP: 38/66 MP: 2/2
  1267 | D:4      | Reached skill level 5 in Axes
  1298 | D:4      | Reached skill level 5 in Fighting
  1317 | D:4      | Found a hide-covered altar of Uskayaw.
  1326 | D:4      | Noticed a +0 dagger
  1326 | D:4      | Noticed a +0 hand axe
  1353 | D:4      | Found a white marble altar of Elyvilon.
  1503 | D:4      | Reached skill level 5 in Shields
  1616 | D:5      | Entered Level 5 of the Dungeon
  1626 | D:5      | Noticed Pikel
  1658 | D:5      | Killed Pikel
  1658 | D:5      | Reached skill level 6 in Axes
  1658 | D:5      | Reached skill level 5 in Armour
  1658 | D:5      | Reached XP level 8. HP: 26/76 MP: 1/1
  1790 | D:5      | Found an ancient bone altar of Kikubaaqudgha.
  2454 | D:6      | Noticed Menkaure
  2454 | D:6      | Noticed Sigmund
  2471 | D:6      | Killed Menkaure
  2471 | D:6      | Reached skill level 7 in Axes
  2488 | D:6      | Gained mutation: You passively map the area around you.
                  | [Deep Dwarf growth]
  2488 | D:6      | Reached XP level 9. HP: 68/84 MP: 2/2
  2489 | D:6      | Killed Sigmund
  2558 | D:6      | Found a basalt altar of Yredelemnul.
  2635 | D:6      | Found an iron altar of Okawaru.
  2694 | D:6      | Found Gysaqi's Antique Weapon Boutique.
  3059 | D:6      | Noticed a two-headed ogre
  3072 | D:6      | HP: 3/85 [two-headed ogre/+0 giant spiked club (15)]
  3088 | D:6      | Killed a two-headed ogre
  3088 | D:6      | Reached skill level 8 in Axes
  3088 | D:6      | Reached skill level 5 in Dodging
  3328 | D:7      | Found a staircase to the Ecumenical Temple.
  3342 | Temple   | Entered the Ecumenical Temple
  3355 | Temple   | Became a worshipper of Makhleb the Destroyer
  3641 | D:7      | Reached skill level 1 in Invocations
  3877 | D:7      | Found a runed translucent door.
  3878 | D:7      | Noticed Crazy Yiuf
  4238 | D:7      | Paralysed by something for 3 turns
  4250 | D:7      | Killed Crazy Yiuf
  4431 | D:6      | Bought an iridescent hand axe for 192 gold pieces
  4431 | D:6      | Identified the +2 hand axe of Terror {speed, +Fly rN+ MR+
                  | Stlth+} (You bought it in a shop on level 6 of the Dungeon)
  4543 | D:8      | Got a steaming chain mail
  4554 | D:8      | Identified the +0 chain mail "Wiuqaxof" {*Slow +Inv rPois
                  | rF+++} (You found it on level 8 of the Dungeon)
  4578 | D:8      | Found a shadowy altar of Dithmenos.
  4628 | D:8      | Found a shimmering altar of Xom.
  4642 | D:8      | Quit the game

Levels and vault maps discovered:
D:1:      dpeg_arrival_windows_large_door, layout_loops_corners
D:2:      layout_basic, old_standard_altar
D:3:      layout_rooms, cheibriados_altar_1, portal_sewer_entry_a
D:4:      layout_rooms, nicolae_overflow_hidden_temple, dancing_weapons_uskayaw,
          first_ration
D:5:      layout_loops_ring, overflow_temple_1_default, uniq_pikel
D:6:      minmay_diamond_boxcup, layout_basic, okawaru_gym_becter,
          kennysheep_mini_moat, serial_shops, shop, uniq_sigmund, uniq_menkaure
D:7:      layout_loops_corners, minmay_temple_entry_glass,
          uniq_crazy_yiuf_cottage
D:8:      layout_loops_cross, old_standard_altar, vehumet_altar_wand_db,
          old_standard_altar
Temple:   eino_wide_crystal_templ

Skill      XL: |  1  2  3  4  5  6  7  8  9 |
---------------+----------------------------+-----
Fighting       | 3 4 5 6 7 |  7.5
Dodging        | 1 2 4 5 |  5.7
Axes           | 3 4 6 7 8 |  8.5
Shields        | 4 5 6 |  6.7
Armour         | 4 5 6 |  6.7
Invocations    | 1 |  1.6

Action                   |  1- 3 |  4- 6 |  7- 9 || total
-------------------------+-------+-------+-------++-------
Melee: War axe           |    98 |   148 |   421 ||   667
       Hand axe          |       |       |    22 ||    22
 Abil: Heal Wounds       |     1 |     9 |    21 ||    31
  Use: Scroll            |       |       |    15 ||    15
       Potion            |       |       |     4 ||     4
  Eat: Chunk             |       |     2 |    16 ||    18
       Ration            |       |       |     5 ||     5
Armor: Scale mail        |    11 |       |       ||    11
       Plate armour      |    52 |   191 |   281 ||   524
       Chain mail        |       |       |     2 ||     2
Dodge: Dodged            |    14 |    35 |   115 ||   164
Block: Kite shield       |    55 |   134 |   255 ||   444

Table legend:
 A = Non-vault XP
 B = Vault XP
 C = Vault XP percentage of total XP
 D = Non-vault monster count
 E = Vault monster count
 F = Vault count percentage of total count
                 A         B        C        D         E       F
            +---------+---------+-------+---------+---------+-------
      Total |    3224 |    2053 |  38.9 |     150 |      24 |  13.8
            +---------+---------+-------+---------+---------+-------
        D:1 |      15 |       0 |   0.0 |       8 |       0 |   0.0
        D:2 |      25 |       0 |   0.0 |       6 |       0 |   0.0
        D:3 |     336 |       4 |   1.2 |      40 |       4 |   9.1
        D:4 |     867 |       0 |   0.0 |      39 |       0 |   0.0
        D:5 |     460 |     607 |  56.9 |      20 |       1 |   4.8
        D:6 |     745 |    1282 |  63.2 |      19 |       9 |  32.1
        D:7 |     579 |      40 |   6.5 |      14 |       1 |   6.7
        D:8 |     197 |       0 |   0.0 |       4 |       0 |   0.0
      Sewer |       0 |     120 | 100.0 |       0 |       9 | 100.0
            +---------+---------+-------+---------+---------+-------
